 Dungeon Crawl Stone Soup version 0.32-a0-799-g95e1662365 (webtiles) character file.

Game seed: 10981888798716498212

577 Crownlay the Chopper (level 7, -2/61 HPs)
             Began as a Mountain Dwarf Fighter on Mar 20, 2024.
             Was an Initiate of Qazlal.
             Succumbed to a water moccasin's poison
             ... on level 5 of the Dungeon on Mar 21, 2024.
             The game lasted 00:05:23 (4221 turns).

Crownlay the Chopper (Mountain Dwarf Fighter)       Turns: 4221, Time: 00:05:23

Health: -2/61      AC:  7    Str: 20      XL:     7   Next: 13%
Magic:  4/9        EV:  8    Int:  9      God:    Qazlal [......]
Gold:   296        SH:  4    Dex:  8 (9)  Spells: 6/6 levels left

rFire   + . .        a - +0 war axe
rCold   . . .        c - +0 buckler
rNeg    . . .        b - +0 scale mail
rPois   .            (no helmet)
rElec   .            (no cloak)
rCorr   +            (no gloves)
SInv    .            (no boots)
Will    .....        j - amulet of guardian spirit Stlth
                     i - ring of resist corrosion
HPRegen 0.30/turn    l - ring of protection from fire
MPRegen 0.11/turn

%: guardian spirit
@: lethally poisoned (-2 -> -18)
A: runic magic, artefact enchanting
a: Renounce Religion


You were on level 5 of the Dungeon.
You worshipped Qazlal.
Qazlal was noncommittal.
You visited 1 branch of the dungeon, and saw 5 of its levels.

You collected 296 gold pieces.

Inventory:

Hand Weapons
 a - a +0 war axe (weapon)
Armour
 b - a +0 scale mail (worn)
 c - a +0 buckler (worn)
Jewellery
 i - a ring of resist corrosion (left hand)
 j - an amulet of guardian spirit (around neck)
 l - a ring of protection from fire (right hand)
Scrolls
 g - 2 scrolls of fear
 h - 2 scrolls of fog
 k - a scroll of brand weapon {unknown}
 m - a scroll of blinking {unknown}
 o - a scroll of revelation {unknown}
 q - a scroll of teleportation {unknown}
 s - a scroll of poison {unknown}
Potions
 d - a potion of might
 e - 2 potions of curing {unknown}
 f - 2 potions of brilliance
 n - 3 potions of heal wounds
 p - a potion of cancellation {unknown}
 r - a potion of lignification {unknown}
 t - a potion of degeneration {unknown}


   Skills:
 + Level 5.0 Fighting
 * Level 6.3 Axes
 - Level 4.0 Armour
 + Level 4.9 Shields
 * Level 3.0 Invocations


You had 6 spell levels left.
You didn't know any spells.
Your spell library contained the following spells:

 Spells                   Type           Power      Damage    Failure   Level
 Magic Dart               Conj           0%         1d3       54%         1
 Searing Ray              Conj           0%         2d4       67%         2
 Fulminant Prism          Conj/Alch      0%         3d5       99%         4


Dungeon Overview and Level Annotations

Branches:
Dungeon (5/15)
 Temple: D:4-7

Altars:
Ashenzari
Makhleb
Qazlal
Vehumet
Yredelemnul

Shops:
D:3 [


Innate Abilities, Weirdness & Mutations

Your spellcasting is much less encumbered by armour.
You can use scrolls of enchantment on lesser artefacts.


Message History

The water moccasin is severely wounded.
You feel very sick. You block the water moccasin's attack.
The water moccasin barely misses you.
You closely miss the water moccasin.
The water moccasin is severely wounded.
You feel very sick. The water moccasin bites you!
You are more poisoned.
The water moccasin poisons you! The water moccasin bites you.
You are too injured to fight recklessly!
You are too injured to fight recklessly!
You are too injured to fight recklessly!
You are too injured to fight recklessly!
You are too injured to fight recklessly!
You are too injured to fight recklessly!
You closely miss the water moccasin.
The water moccasin is severely wounded.
You feel very sick.
The water moccasin bites you but does no damage.
You miss the water moccasin.
The water moccasin is severely wounded.
You feel very sick.
The water moccasin completely misses you.
The water moccasin bites you!
* * * LOW HITPOINT WARNING * * *
You closely miss the water moccasin.
The water moccasin is severely wounded.
You feel very sick. The water moccasin barely misses you.
The water moccasin bites you.
* * * LOW HITPOINT WARNING * * *
You are lethally poisoned!
The water moccasin poisons you!
You hit the water moccasin.
The water moccasin is almost dead.
* * * LOW HITPOINT WARNING * * *
You feel very sick.
The water moccasin bites you but does no damage.
You barely miss the water moccasin.
The water moccasin is almost dead.
You die...

### <.# ... #.# #.# .
#S# ########
....##@#########......)
#...................####
##.#.############...# #
#################
.......<.........
.################


You could see a water moccasin.

Vanquished Creatures
  A centaur (D:3)
  A scorpion (D:4)
  A quasit (D:4)
  2 bombardier beetles
  A sleepcap (D:4)
  An iguana (D:4)
  3 orc wizards (D:4)
  4 gnolls (D:3)
  4 adders
  A shadow imp (D:4)
  A white imp (D:4)
  An ufetubus (D:4)
  A ribbon worm (D:2)
  5 dart slugs
  13 orcs
  6 ball pythons
  7 endoplasms
  5 giant cockroaches
  5 hobgoblins
  12 jackals
  4 quokkas
  3 bats
  6 frilled lizards
  7 goblins
  4 kobolds
  4 rats
103 creatures vanquished.

Notes
Turn   | Place    | Note
-------+----------+-------------------------------------------
     0 | D:1      | Crownlay the Mountain Dwarf Fighter began the quest for the
                  | Orb.
     0 | D:1      | Reached XP level 1. HP: 19/19 MP: 1/1
    78 | D:1      | Reached XP level 2. HP: 26/26 MP: 2/2
   146 | D:1      | Reached skill level 3 in Axes
   532 | D:1      | Found a faded altar of an unknown god.
   616 | D:1      | Reached XP level 3. HP: 31/31 MP: 3/3
  1455 | D:2      | Reached XP level 4. HP: 40/40 MP: 4/4
  1739 | D:3      | Found Poiniethrah's Antique Armour Boutique.
  1904 | D:3      | Found a broken altar of Ashenzari.
  1927 | D:3      | Upgraded the game from 0.32-a0-791-gfc315c9ecd to
                  | 0.32-a0-799-g95e1662365
  1956 | D:3      | Reached skill level 4 in Axes
  1973 | D:3      | Noticed a centaur
  1980 | D:3      | Killed a centaur
  1981 | D:3      | Reached XP level 5. HP: 16/46 MP: 2/5
  2451 | D:3      | Reached skill level 5 in Axes
  2892 | D:4      | Reached XP level 6. HP: 52/53 MP: 6/6
  2998 | D:4      | Found a stormy altar of Qazlal.
  3002 | D:4      | Found a burning altar of Makhleb.
  3003 | D:4      | Found a radiant altar of Vehumet.
  3003 | D:4      | Found a basalt altar of Yredelemnul.
  3015 | D:4      | Became a worshipper of Qazlal Stormbringer
  3113 | D:4      | Reached skill level 1 in Invocations
  3213 | D:4      | Reached skill level 6 in Axes
  3642 | D:4      | Reached XP level 7. HP: 30/60 MP: 6/9
  3825 | D:4      | Reached skill level 5 in Fighting
  4128 | D:5      | Entered Level 5 of the Dungeon
  4220 | D:5      | HP: 3/61 [poisoned by a water moccasin]
  4221 | D:5      | Succumbed to a water moccasin's poison

Illustrated notes

Levels and vault maps discovered:
D:1:      dpeg_arrival_brainrot, layout_basic, dreamdust_ecumenical_altar_grove
D:2:      layout_loops_ring
D:3:      layout_loops_corners, ashenzari_altar_1, serial_shops, shop,
          roderic_serpentine_path, minmay_misc_feat_room, minmay_pentangle
D:4:      layout_basic, grunt_temple_overflow_open, serial_demonic,
          serial_demonic_a, serial_demonic_b, serial_demonic_c, serial_demonic_d
D:5:      layout_loops_ring

Skill      XL: |  1  2  3  4  5  6  7 |
---------------+----------------------+-----
Axes           | 3 4 5 6 |  6.3
Fighting       | 4 5 |  5.0
Armour         | 4 |  4.0
Shields        | 4 |  4.9
Invocations    | 2 3 |  3.0

Action                     |  1- 3 |  4- 6 |  7- 9 || total
---------------------------+-------+-------+-------++-------
  Melee: War axe           |   131 |   171 |    59 ||   361
    Use: Scroll            |       |     3 |     1 ||     4
 Armour: Scale mail        |    84 |   140 |    86 ||   310
  Dodge: Dodged            |    51 |    48 |    46 ||   145
  Block: Buckler           |    23 |    36 |    20 ||    79

Table legend: (Time is in decaauts)
 A = Elapsed time spent in this place.
 B = Non-inter-level travel time spent in this place.
 C = Inter-level travel time spent in this place.
 D = Time resting spent in this place.
 E = Time spent auto-exploring this place.
 F = Levels seen in this place.
 G = Mean time per level.
                   A        B        C        D        E       F      G
               +--------+--------+--------+--------+--------+-----+--------+
         Total |   4324 |   4225 |     99 |      0 |   3461 |   5 |  864.8 |
       Dungeon |   4324 |   4225 |     99 |      0 |   3461 |   5 |  864.8 |
               +--------+--------+--------+--------+--------+-----+--------+

Top non-repeatable levels by time:
     D:4: 1319 daAuts
     D:3: 1200 daAuts
     D:1: 924 daAuts
     D:2: 780 daAuts
     D:5: 99 daAuts
